 Dungeon Crawl Stone Soup version 0.20-a0-891-ga2611f4 (webtiles) character file.

3206 RKaid the Grappler (level 9, -1/93 HPs)
             Began as a Troll Monk on Mar 16, 2017.
             Was a Priest of Yredelemnul.
             Slain by a wolf (8 damage)
             ... led by Grum
             ... on level 7 of the Dungeon.
             The game lasted 00:13:18 (6686 turns).

RKaid the Grappler (Troll Monk)                     Turns: 6686, Time: 00:13:19

Health: -1/93      AC:  9    Str: 28    XL:     9   Next: 65%
Magic:  11/11      EV: 11    Int:  6    God:    Yredelemnul [***...]
Gold:   608        SH:  0    Dex: 17    Spells: 8/8 levels left

rFire    . . .     SeeInvis .     - Unarmed
rCold    + . .     Gourm    +   F - +2 robe {rC+}
rNeg     . . .     Faith    .   (no shield)
rPois    .         Spirit   .   (helmet restricted)
rElec    .         Reflect  .   y - +1 cloak
rCorr    .         Harm     .   (gloves unavailable)
MR       .....                  (boots unavailable)
Stlth    ++........             (no amulet)
Regen    0.7/turn               k - +4 ring of dexterity
MPRegen  0.2/turn               p - +5 ring of strength

@: very slightly contaminated
A: unfitting armour, claws 3, fast metabolism 3, gourmand, regeneration 1,
shaggy fur 1, tough skin 2
a: Recall Undead Slaves, Injury Mirror, Animate Dead, Renounce Religion


You were on level 7 of the Dungeon.
You worshipped Yredelemnul.
Yredelemnul was most pleased with you.
You were very full.

You visited 2 branches of the dungeon, and saw 9 of its levels.
You also visited: Ossuary.

You collected 608 gold pieces.

Inventory:

Hand Weapons
 h - a +1 vampiric whip {win!}
   (You took it off a kobold on level 1 of the Dungeon)
 r - a +0 blowgun
   (You took it off a kobold on level 3 of the Dungeon)
Missiles
 q - 2 curare-tipped needles
 s - 13 poisoned needles
Armour
 y - a +1 cloak (worn)
   (You found it on level 4 of the Dungeon)
 F - a +2 robe of cold resistance (worn)
   (You took it off Dowan on level 5 of the Dungeon)
Jewellery
 k - a +4 ring of dexterity (right claw)
   (You found it on level 2 of the Dungeon)
 p - a +5 ring of strength (left claw)
   (You found it on level 4 of the Dungeon)
Wands
 w - a wand of disintegration (8/24)
   (You found it on level 4 of the Dungeon)
 A - a wand of paralysis (4/24)
   (You found it on level 4 of the Dungeon)
Scrolls
 g - a scroll of fear {unknown}
 l - a scroll of amnesia
 m - a scroll of fog {unknown}
 u - 4 scrolls of remove curse
Potions
 j - 3 potions of curing
 o - 3 potions of haste
 v - 3 potions of agility
 z - a potion of degeneration {unknown}
 E - a potion of cancellation {unknown}
Comestibles
 a - 4 chunks of flesh
 b - 11 bread rations
 c - 7 meat rations
 f - 3 royal jellies
 n - 4 fruits


   Skills:
 + Level 7.2 Fighting
 - Level 2.4 Dodging
 - Level 1.0 Stealth
 - Level 10.0 Unarmed Combat
 + Level 4.7 Invocations


You had 8 spell levels left.
You didn't know any spells.

Dungeon Overview and Level Annotations

Branches:
Dungeon (8/15)             Temple (1/1) D:5
   Lair: D:8-11

Altars:
Ashenzari
Cheibriados
Dithmenos
Elyvilon
Fedhas
Gozag
Hepliaklqana
Kikubaaqudgha
Makhleb
Nemelex Xobeh
Okawaru
Ru
Sif Muna
Trog
Uskayaw
Vehumet
Wu Jian
Xom
Yredelemnul
Zin
The Shining One
Lugonu

Annotations:
D:8 Grum


Innate Abilities, Weirdness & Mutations

You are too large for most types of armour.
You have claws for hands.
Your metabolism is lightning-fast.
You like to eat raw meat.
Your natural rate of healing is unusually fast.
You are covered in fur. (AC +1)
You have very tough skin. (AC +2)


Message History

Yredelemnul accepts your kill. The wolf closely misses you.
The wolf barely misses you.
Grum the Hunter comes into view.
He is wielding an enchanted spear.
You closely miss the wolf. The wolf bites your wight. The wolf misses you.
Grum growls angrily.
You mangle the wolf!!
You kill the wolf!
Yredelemnul accepts your kill. The wolf barely misses you. x2
Your wight hits the wolf with an enchanted scimitar.
Grum moves out of view.
A wolf comes into view.
You scratch the wolf. The wolf barely misses you. x2
The wolf bites you but does no damage.
Your wight hits the wolf with an enchanted scimitar.
The wolf bites you but does no damage.
You scratch the wolf but do no damage. The wolf bites your wight.
The wolf misses you.
You miss the wolf. The wolf bites your wight.
The wolf bites you but does no damage.
Your wight completely misses the wolf.
The wolf barely misses you.
You closely miss the wolf. The wolf barely misses you. The wolf bites you!
Grum hits you from afar with an enchanted spear!
The wolf barely misses you.
Your wight hits the wolf with an enchanted scimitar!
The wolf bites you!
You claw the wolf! The wolf misses you. The wolf bites you.
The wolf closely misses you. Grum closely misses you.
The wolf closely misses you.
You miss the wolf. The wolf completely misses you. The wolf bites you.
The wolf bites you!
Your wight hits the wolf with an enchanted scimitar!
The wolf dies!
Yredelemnul accepts your kill.
Grum hits you from afar with an enchanted spear!
The wolf bites you.
You are too injured to fight recklessly!
You are too injured to fight recklessly!
You are too injured to fight recklessly!
The wolf barely misses you.
There is a stone staircase leading up here.
The wolf bites you but does no damage. The wolf bites you!
Your wight hits Grum with an enchanted scimitar!
The wolf closely misses you. x2
Grum hits you from afar with an enchanted spear!
* * * LOW HITPOINT WARNING * * *
You climb upwards.
There is a stone staircase leading down here.
You closely miss the wolf. The wolf bites you.
* * * LOW HITPOINT WARNING * * *
The wolf bites you but does no damage. The wolf bites you.
* * * LOW HITPOINT WARNING * * *
The wolf bites you!
* * * LOW HITPOINT WARNING * * *
The wolf barely misses you. The wolf bites you!
* * * LOW HITPOINT WARNING * * *
Really read
d - a scroll of blinking {!r}?
Blink to where?
Press: ? - help, Dir - move target cursor You are very lightly contaminated with residual magic.
As you read the scroll of blinking {!r}, it crumbles to dust.
Things that are here:
a ring mail; a spear of freezing Some of the chunks of flesh in your inventory have rotted away.
There is an open door here.
You see here a whip.
The wolf closely misses you. The wolf bites you but does no damage.
The wolf bites you!
* * * LOW HITPOINT WARNING * * *
You feel much better. The wolf barely misses you. x2
The wolf closely misses you. The wolf bites you.
* * * LOW HITPOINT WARNING * * *
The wolf bites you!
* * * LOW HITPOINT WARNING * * *
The wolf bites you!
* * * LOW HITPOINT WARNING * * *
There is an open door, spattered with blood here.
You feel much better. The wolf closely misses you.
The wolf bites you but does no damage.
Okay, then.
You fail to use your ability.
The wolf bites you!
* * * LOW HITPOINT WARNING * * *
The wolf bites you.
* * * LOW HITPOINT WARNING * * *
The wolf barely misses you. The wolf bites you.
* * * LOW HITPOINT WARNING * * *
The wolf closely misses you. The wolf bites you!
* * * LOW HITPOINT WARNING * * *
The wolf closely misses you.
The wolf pauses to sniff the ground.
The wolf closely misses you. The wolf bites you.
* * * LOW HITPOINT WARNING * * *
Some of the chunks of flesh in your inventory have rotted away.
The wolf bites you but does no damage. The wolf barely misses you.
The wolf bites you but does no damage. The wolf bites you!
You die...
Your body rises from the dead as a mindless zombie.

#......##....##....
#.......#.....#....
######......#.....#....
#...##.....##....##....
#...#########....######
#..........##....##....
#..........?#..........
#......h....'..........
#.....@h....#......)...
#...###...#########)##.
#<..######## ####.###
#)...:.....# #...[.#.
#..........# #...h.#.
#..........# #.....#.
#..........# #.....#.
#..........# #.....#.
#..........# #.....'.


You could see 2 wolves.

Vanquished Creatures
  2 hippogriffs (D:7)
  A water moccasin (D:7)
  Duvessa (D:5)
  An orc warrior (D:7)
  2 ice beasts
  A wolf (D:8)
  2 ogres (D:6)
  A phantom (D:5)
  A centaur (D:6)
  An elf zombie (Ossuary)
  A gnoll sergeant (D:7)
  2 bullfrogs
  A scorpion (D:7)
  Dowan (D:5)
  A howler monkey (D:5)
  6 centaur zombies
  2 crimson imps
  A quasit (D:6)
  A hound (D:5)
  3 orc priests
  A centaur skeleton (D:6)
  3 iguanas
  11 orc wizards
  4 worker ants
  A big kobold zombie (Ossuary)
  A killer bee zombie (D:7)
  2 hound skeletons (D:6)
  3 mummies (Ossuary)
  A howler monkey skeleton (D:6)
  14 adders
  16 gnolls
  A river rat (D:6)
  A shadow imp (D:7)
  An ooze (D:4)
  2 worms
  3 dart slugs (D:1)
  7 leopard geckos
  26 orcs
  4 giant cockroaches
  2 gnoll zombies (Ossuary)
  5 goblins
  11 hobgoblins
  4 jackals
  11 kobolds
  2 quokkas
  2 ball pythons (D:1)
  4 bats
  6 frilled lizards
  3 goblin zombies (Ossuary)
  6 hobgoblin zombies (Ossuary)
  4 jackal zombies
  3 kobold zombies (Ossuary)
  An orc zombie (Ossuary)
  A quokka skeleton (D:6)
  4 quokka zombies (Ossuary)
  5 rats
  7 rat zombies (Ossuary)
215 creatures vanquished.

Vanquished Creatures (collateral kills)
  A wolf (D:8)
  An adder (D:8)
2 creatures vanquished.

Vanquished Creatures (others)
  A jelly (D:5)
  An orc wizard (D:6)
2 creatures vanquished.

Grand Total: 219 creatures vanquished

Notes
Turn   | Place    | Note
-------+----------+-------------------------------------------
     0 | D:1      | RKaid the Troll Monk began the quest for the Orb.
     0 | D:1      | Reached XP level 1. HP: 22/22 MP: 0/0
   147 | D:1      | Reached XP level 2. HP: 29/29 MP: 1/1
   516 | D:1      | Reached XP level 3. HP: 36/36 MP: 2/2
   555 | D:1      | Reached skill level 4 in Unarmed Combat
   953 | D:2      | Reached XP level 4. HP: 44/44 MP: 3/3
  1051 | D:2      | Reached skill level 3 in Fighting
  1465 | D:2      | Found a radiant altar of Vehumet.
  1792 | D:3      | Reached skill level 5 in Unarmed Combat
  1795 | D:3      | Reached XP level 5. HP: 48/53 MP: 4/4
  1817 | D:3      | You fall through a shaft!
  2764 | D:4      | Found a burning altar of Makhleb.
  2766 | D:4      | Found an ancient bone altar of Kikubaaqudgha.
  2769 | D:4      | Found an opulent altar of Gozag.
  2770 | D:4      | Found a glowing silver altar of Zin.
  2770 | D:4      | Found a bloodstained altar of Trog.
  2771 | D:4      | Found a sparkling altar of Nemelex Xobeh.
  2773 | D:4      | Found a snail-covered altar of Cheibriados.
  2774 | D:4      | Found a sacrificial altar of Ru.
  2775 | D:4      | Found a deep blue altar of Sif Muna.
  2820 | D:4      | Found an ornate altar of the Wu Jian Council.
  3111 | D:5      | Entered Level 5 of the Dungeon
  3111 | D:5      | Noticed an ice beast
  3119 | D:4      | Killed an ice beast
  3119 | D:4      | Reached skill level 6 in Unarmed Combat
  3119 | D:4      | Reached XP level 6. HP: 27/61 MP: 5/5
  3361 | D:5      | Noticed Duvessa
  3398 | D:5      | Found a white marble altar of Elyvilon.
  3399 | D:5      | Found a shadowy altar of Dithmenos.
  3401 | D:5      | Noticed Dowan
  3402 | D:5      | Found a hazy altar of Hepliaklqana.
  3420 | D:5      | Killed Dowan
  3420 | D:5      | Reached skill level 7 in Unarmed Combat
  3420 | D:5      | Reached XP level 7. HP: 68/68 MP: 6/6
  3437 | D:5      | HP: 16/68 [Duvessa/short sword (4)]
  3441 | D:5      | HP: 2/68 [Duvessa/short sword (12)]
  3449 | D:5      | Killed Duvessa
  3449 | D:5      | Reached skill level 4 in Fighting
  3453 | D:5      | HP: 17/70 [hound (6)]
  3817 | D:5      | Found a sand-covered staircase.
  3822 | Ossuary  | Entered an ossuary
  3879 | Ossuary  | Reached skill level 8 in Unarmed Combat
  3999 | Ossuary  | Reached XP level 8. HP: 72/79 MP: 7/7
  4291 | D:5      | Found a staircase to the Ecumenical Temple.
  4461 | Temple   | Entered the Ecumenical Temple
  4499 | Temple   | Became a worshipper of Yredelemnul the Dark
  4499 | Temple   | Reached * piety under Yredelemnul
  4499 | Temple   | Reached ** piety under Yredelemnul
  4696 | D:6      | Reached skill level 5 in Fighting
  4750 | D:6      | Reached skill level 9 in Unarmed Combat
  5665 | D:6      | Reached skill level 10 in Unarmed Combat
  6046 | D:6      | Reached skill level 1 in Invocations
  6051 | D:6      | Reached *** piety under Yredelemnul
  6122 | D:7      | Reached skill level 6 in Fighting
  6122 | D:7      | Reached XP level 9. HP: 89/89 MP: 9/9
  6177 | D:7      | Reached skill level 2 in Invocations
  6278 | D:7      | Reached skill level 3 in Invocations
  6480 | D:7      | Reached skill level 4 in Invocations
  6564 | D:7      | Reached skill level 7 in Fighting
  6564 | D:7      | Received a gift from Yredelemnul (a wight)
  6651 | D:8      | Noticed Grum
  6660 | D:8      | HP: 22/93 [Grum/enchanted spear (14)]
  6664 | D:7      | HP: 1/93 [wolf[Grum] (11)]
  6676 | D:7      | HP: 1/93 [wolf[Grum] (8)]
  6681 | D:7      | HP: 21/93 [wolf[Grum] (9)]
  6682 | D:7      | HP: 8/93 [wolf[Grum] (7)]
  6686 | D:7      | Slain by a wolf

Vault maps used:
D:1:      elethiomel_arrival_infinity_welcomes_careful_drivers,
          kennysheep_flooded_box, minmay_misc_feat_doors
D:2:      fiery_altar_vehumet
D:3:      first_bread
D:4:      lemuel_round_altar, minitemple
D:5:      grunt_temple_overflow_open, lemuel_temple_firewalk_b, enter_ossuary_5,
          uniq_duvessa
D:6:      gup_sewer_entry_bubbles
D:8:      uniq_grum
Temple:   corrupted_temple
Ossuary:  minmay_ossuary_two_tombs

Skill      XL: |  1  2  3  4  5  6  7  8  9 |
---------------+----------------------------+-----
Unarmed Combat | 4 5 6 7 8 10 | 10.0
Fighting       | 3 4 6 7 |  7.2
Invocations    | 1 4 |  4.7
Dodging        | |  2.4
Stealth        | |  1.0

Action                   |  1- 3 |  4- 6 |  7- 9 || total
-------------------------+-------+-------+-------++-------
Melee: Unarmed           |    74 |   150 |   315 ||   539
       Punch             |     1 |     3 |    18 ||    22
  Use: Potion            |       |       |     4 ||     4
       Scroll            |       |       |    12 ||    12
 Stab: Sleeping          |       |     2 |     5 ||     7
  Eat: Chunk             |    14 |    23 |    29 ||    66
Armor: Robe              |    28 |    31 |   126 ||   185
Dodge: Dodged            |    35 |    66 |   185 ||   286

Table legend:
 A = Turns spent in this place as a percentage of turns spent in the entire game.
 B = Non-inter-level travel turns spent in this place as a percentage of non-inter-level travel turns spent in the entire game.
 C = Inter-level travel turns spent in this place as a percentage of turns spent in this place.
 D = Turns resting spent in this place as a percentage of non-inter-level travel turns spent in this place.
 E = Turns spent auto-exploring this place as a percentage of non-inter-level travel turns spent in this place.
 F = Non-inter-level travel turns spent in this place divided by the number of levels of this place that you've seen.
                   A       B       C       D       E      F
               +-------+-------+-------+-------+-------+----------------------
         Total | 100.0 | 100.0 |   0.8 |   1.5 |  11.5 | 204.7
       Dungeon |  88.3 |  88.3 |   0.9 |   1.5 |  11.6 | 225.9
        Temple |   1.1 |   1.0 |   4.5 |   0.0 |  52.4 |  21.0
       Ossuary |  10.6 |  10.7 |   0.0 |   0.9 |   6.8 | 219.0
               +-------+-------+-------+-------+-------+----------------------

Table legend:
 A = Kills in this place as a percentage of kills in entire the game.
 B = Kills by you in this place as a percentage of kills by you in the entire game.
 C = Kills by friends in this place as a percentage of kills by friends in the entire game.
 D = Other kills in this place as a percentage of other kills in the entire game.
 E = Experience gained in this place as a percentage of experience gained in the entire game.
 F = Experience gained in this place divided by the number of levels of this place that you have seen.
                   A       B       C       D       E      F
               +-------+-------+-------+-------+-------+----------------------
         Total | 100.0 | 100.0 | 100.0 |  -nan | 100.0 | 458.1
       Dungeon |  82.0 |  81.9 | 100.0 |  -nan |  90.2 | 516.2
       Ossuary |  18.0 |  18.1 |   0.0 |  -nan |   9.8 | 451.0
               +-------+-------+-------+-------+-------+----------------------
